 Dungeon Crawl Stone Soup version 0.31.0-12-g77e489cdc1 (webtiles) character file.

Game seed: 15440542737299010894

1840 hawla the Covered (level 8, -1/99 HPs)
             Began as a Minotaur Fighter on Feb 16, 2024.
             Was a Follower of Yredelemnul.
             Slain by a gnoll sergeant
             ... wielding a +0 spear
              (5 damage)
             ... on level 6 of the Dungeon.
             The game lasted 00:10:16 (5335 turns).

hawla the Covered (Minotaur Fighter)                Turns: 5335, Time: 00:10:17

Health: -1/99      AC: 24    Str: 22      XL:     8   Next: 87%
Magic:  10/10      EV:  2    Int:  5      God:    Yredelemnul [*.....]
Gold:   206        SH:  5    Dex: 10 (11) Spells: 7/7 levels left

rFire   . . .        a - +0 war axe
rCold   . . .        c - +0 buckler
rNeg    . . .        D - melded +0 plate armour
rPois   +            (helmet currently unavailable)
rElec   .            t - melded +2 cloak {Will+}
rCorr   +            (gloves currently unavailable)
SInv    .            k - melded +0 pair of boots
Will    +....        (no amulet)
Stlth   +            h - ring of resist corrosion
HPRegen 0.36/turn    (no ring)
MPRegen 0.12/turn

%: no passive effects
@: tree-form, attractive, enlightened, hasted, very quick
A: stationary, stasis, torment immunity, boosted hp, (horns 2), (retaliatory
headbutt)
a: Renounce Religion, Recall Undead Harvest


You were on level 6 of the Dungeon.
You worshipped Yredelemnul.
Yredelemnul was noncommittal.
You were a tree.
You visited 2 branches of the dungeon, and saw 7 of its levels.

You collected 356 gold pieces.
You spent 150 gold pieces at shops.

Inventory:

Hand Weapons
 a - a +0 war axe (weapon)
Missiles
 e - 11 poisoned darts (quivered)
 C - a throwing net
Armour
 c - a +0 buckler (worn)
 k - a +0 pair of boots (melded)
 t - a +2 cloak of willpower (melded)
 D - a +0 plate armour (melded)
Jewellery
 h - a ring of resist corrosion (left branch)
Wands
 p - a wand of polymorph (3)
 y - a wand of flame (8)
 A - a wand of light (20)
Scrolls
 f - a scroll of summoning
 g - a scroll of fog
 i - 3 scrolls of enchant weapon {unknown}
 j - 2 scrolls of teleportation
 m - a scroll of acquirement {unknown}
 o - a scroll of silence {unknown}
 u - a scroll of torment
 v - a scroll of immolation
 x - a scroll of identify
 z - a scroll of blinking {unknown}
Potions
 d - 4 potions of might
 q - a potion of attraction
 B - a potion of brilliance {unknown}


   Skills:
 - Level 4.0 Fighting
 - Level 2.4 Axes
 - Level 6.0 Throwing
 + Level 6.4 Armour
 - Level 6.0 Dodging
 - Level 5.0 Shields
 + Level 4.2 Invocations
 - Level 3.0 Evocations


You had 7 spell levels left.
You didn't know any spells.
Your spell library was empty.

Dungeon Overview and Level Annotations

Branches:
Dungeon (6/15)             Temple (1/1) D:4

Altars:
Ashenzari
Cheibriados
Dithmenos
Elyvilon
Fedhas
Gozag
Hepliaklqana
Kikubaaqudgha
Makhleb
Nemelex Xobeh
Okawaru
Qazlal
Ru
Sif Muna
Trog
Uskayaw
Vehumet
Wu Jian
Xom
Yredelemnul
Zin
The Shining One

Shops:
D:5 [


Innate Abilities, Weirdness & Mutations

You are a tree.
Your roots penetrate the ground, keeping you stationary.
You cannot be teleported.
You are immune to unholy pain and torment.
Your maximum health is greatly increased.
Your equipment is partially melded.
((You have a pair of horns on your head.))
((You reflexively headbutt those who attack you in melee.))


Message History

Unknown command.
You closely miss the gnoll sergeant.
You headbutt the gnoll sergeant, but do no damage.
The gnoll sergeant is moderately wounded.
The gnoll sergeant hits you with a +0 spear!
* * * LOW HITPOINT WARNING * * *
The gnoll sergeant hits you with a +0 spear!
* * * LOW HITPOINT WARNING * * *
It was a potion of attraction.
You feel attractive to monsters.
The gnoll sergeant hits you but does no damage.
You can no longer trade souls for undead servants.
You swap places.
You can now trade souls for undead servants.
Your orc zombie hits the gnoll sergeant but does no damage.
The gnoll sergeant hits you but does no damage.
Your orc zombie hits the gnoll sergeant but does no damage.
The gnoll sergeant hits your orc zombie with a +0 spear!
Your orc zombie is destroyed!
The gnoll sergeant is attracted toward you.
You can no longer trade souls for undead servants.
You turn into a tree.
Your +2 cloak of willpower melds into your body.
Your +0 pair of boots melds into your body.
Your +0 plate armour melds into your body.
You feel less strong-willed.
Your roots penetrate the ground.
The gnoll sergeant barely misses you.
The kobold brigand is attracted toward you.
It was a potion of enlightenment.
Your roots keep you in place.
Your gnoll zombie hits the gnoll sergeant but does no damage.
The kobold brigand hits your gnoll zombie with a +0 short sword!
The gnoll sergeant hits you with a +0 spear.
* * * LOW HITPOINT WARNING * * *
Your gnoll zombie completely misses the kobold brigand.
It was a potion of haste.
You feel yourself speed up.
Your gnoll zombie hits the kobold brigand.
The kobold brigand hits your gnoll zombie with a +0 short sword.
The gnoll sergeant hits you with a +0 spear.
You die...
Your body rises from the dead as a mindless zombie.

##.# ##..# . #...# ..
#...## ... ##.#.#####
#.. #Z##Z.ZZ# # #...
#.####Z##!## ...# ##Z#
#.ZK§..# .. #
#.Z###♣g##.##
.###..... ##.......# #
...#.. .#. #.....#....
...... #.
###...#..###......###.
###.###..#..........
##...#.............
#.........#..#.....
#..#.....##..#.....
#.####....###.......


You could see a kobold brigand (ally target), a gnoll sergeant (ally target), a
friendly iguana zombie, 2 friendly gnoll zombies and a friendly orc wizard
zombie.

Vanquished Creatures
  Grinder (D:3)
  Sigmund (D:3)
  Eustachio (D:5)
  2 black bears
  2 ogres
  2 phantoms (D:5)
  Blork the orc (D:4)
  2 scorpions
  A wight (D:5)
  A howler monkey (D:5)
  2 bombardier beetles (D:5)
  A jelly (D:4)
  A gnoll bouda (D:6)
  A hound (D:4)
  A sleepcap (D:5)
  2 iguanas
  Ijyb (D:5)
  Natasha (twice) (D:2)
  An orc wizard (D:6)
  4 gnolls (D:6)
  6 adders
  A shadow imp (D:6)
  3 ribbon worms
  6 dart slugs
  7 orcs
  10 ball pythons
  3 bats
  6 endoplasms
  4 giant cockroaches
  3 goblins
  10 hobgoblins
  10 jackals (D:2)
  3 kobolds
  3 quokkas
  5 frilled lizards
  3 rats
113 creatures vanquished.

Vanquished Creatures (collateral kills)
  An orc wizard (D:6)
1 creature vanquished.

Vanquished Creatures (others)
  A howler monkey zombie (D:5)
  An adder zombie (D:6)
  2 gnoll zombies (D:6)
  A bombardier beetle zombie (D:5)
  A dart slug zombie (D:5)
  2 orc zombies
8 creatures vanquished.

Grand Total: 122 creatures vanquished

Notes
Turn   | Place    | Note
-------+----------+-------------------------------------------
     0 | D:1      | hawla the Minotaur Fighter began the quest for the Orb.
     0 | D:1      | Reached XP level 1. HP: 19/19 MP: 0/0
   116 | D:1      | Reached XP level 2. HP: 27/27 MP: 1/1
   764 | D:2      | Reached XP level 3. HP: 30/33 MP: 2/2
   809 | D:2      | Reached skill level 5 in Shields
  1070 | D:2      | Reached skill level 1 in Dodging
  1098 | D:2      | Reached skill level 1 in Throwing
  1191 | D:2      | Noticed Natasha
  1197 | D:2      | Killed Natasha
  1198 | D:2      | Reached XP level 4. HP: 30/40 MP: 3/3
  1334 | D:2      | Noticed Natasha
  1337 | D:2      | Killed Natasha
  1527 | D:3      | Noticed Grinder
  1533 | D:3      | Paralysed by Grinder for 3 turns
  1548 | D:3      | Killed Grinder
  1549 | D:3      | Reached XP level 5. HP: 17/46 MP: 4/4
  1549 | D:3      | Reached XP level 6. HP: 20/52 MP: 5/5
  1768 | D:3      | Noticed Sigmund
  1779 | D:3      | Killed Sigmund
  2022 | D:3      | Found a faded altar of an unknown god.
  2163 | D:3      | Reached XP level 7. HP: 55/59 MP: 6/6
  2438 | D:4      | Reached skill level 5 in Dodging
  2710 | D:4      | Noticed Blork the orc
  2719 | D:4      | Killed Blork the orc
  2720 | D:4      | Reached skill level 5 in Throwing
  2841 | D:4      | Found a staircase to the Ecumenical Temple.
  2858 | Temple   | Entered the Ecumenical Temple
  2878 | Temple   | Became a worshipper of Yredelemnul the Dark
  3164 | D:4      | Reached * piety under Yredelemnul
  3414 | D:5      | Entered Level 5 of the Dungeon
  3452 | D:5      | Found Kaenox's Antique Armour Emporium.
  3476 | D:5      | Reached skill level 1 in Evocations
  3627 | D:5      | Bought a glowing cloak for 150 gold pieces
  3668 | D:5      | Reached XP level 8. HP: 55/66 MP: 7/7
  4122 | D:5      | Noticed Ijyb
  4143 | D:5      | Noticed Eustachio
  4147 | D:5      | Reached skill level 1 in Invocations
  4148 | D:5      | Killed Ijyb
  4158 | D:5      | Killed Eustachio
  4159 | D:5      | Reached skill level 5 in Armour
  4382 | D:5      | Found a bloodstained altar of Trog.
  5091 | D:6      | Reached ** piety under Yredelemnul
  5329 | D:6      | HP: 2/66 [gnoll sergeant/+0 spear (8)]
  5334 | D:6      | HP: 4/99 [gnoll sergeant/+0 spear (2)]
  5335 | D:6      | Slain by a gnoll sergeant

Illustrated notes

Levels and vault maps discovered:
D:1:      lightli_iron_boxes, layout_loops_cross
D:2:      minmay_door_path, layout_basic, uniq_natasha
D:3:      layout_basic, shapermc_ecumenical_altar_gd, lightli_corner_chamber,
          uniq_grinder, uniq_sigmund
D:4:      layout_gridville, minmay_temple_entry_mist, uniq_blork_the_orc
D:5:      layout_loops_cross, lightli_temple_of_fire, serial_shops, shop,
          minmay_quadrilaterals, uniq_ijyb, uniq_eustachio
D:6:      layout_layer_cave, minmay_joined_circles
Temple:   nicolae_temple_bog_church

Skill      XL: |  1  2  3  4  5  6  7  8 |
---------------+-------------------------+-----
Fighting       | 4 |  4.0
Shields        | 4 5 |  5.0
Dodging        | 1 4 6 |  6.0
Throwing       | 1 3 4 6 |  6.0
Evocations     | 2 3 |  3.0
Armour         | 6 |  6.4
Invocations    | 4 |  4.2
Axes           | |  2.4

Action                     |  1- 3 |  4- 6 |  7- 9 || total
---------------------------+-------+-------+-------++-------
  Melee: War axe           |    93 |    57 |   193 ||   343
         Headbutt          |     8 |     6 |    32 ||    46
  Evoke: Wand              |       |       |     3 ||     3
    Use: Scroll            |     3 |     1 |     1 ||     5
         Potion            |       |       |     8 ||     8
 Armour: Scale mail        |    66 |    31 |   142 ||   239
         Plate armour      |       |       |    18 ||    18
         Skin              |       |       |    16 ||    16
  Dodge: Dodged            |    42 |    27 |   103 ||   172
  Block: Buckler           |    31 |    10 |    49 ||    90
